 Dungeon Crawl Stone Soup version 0.30-a0-1161-g0704695555 (webtiles) character file.

Game seed: 1880088545899563379

1566 funkygono the Cleaver (level 8, -5/70 HPs)
             Began as a Minotaur Fighter on Apr 27, 2023.
             Was a Believer of Okawaru.
             Killed from afar by Maggie (18 damage)
             ... with a bolt of fire
             ... on level 6 of the Dungeon.
             The game lasted 00:06:24 (4332 turns).

funkygono the Cleaver (Minotaur Fighter)            Turns: 4332, Time: 00:06:25

Health: -5/70      AC: 15    Str: 24    XL:     8   Next: 59%
Magic:  7/7        EV:  8    Int:  5    God:    Okawaru [**....]
Gold:   245        SH:  4    Dex:  9    Spells: 7/7 levels left

rFire   . . .        a - +0 war axe
rCold   . . .        c - +0 buckler
rNeg    . . .        f - +0 chain mail
rPois   .            (helmet restricted)
rElec   .            m - +1 cloak
rCorr   .            (no gloves)
SInv    .            u - +1 pair of boots
Will    .....        w - amulet of regeneration Stlth
                     (no ring)
HPRegen 1.11/turn    (no ring)
MPRegen 0.10/turn

%: no passive effects
@: mesmerised
A: horns 2, retaliatory headbutt
a: Renounce Religion, Heroism


You were on level 6 of the Dungeon.
You worshipped Okawaru.
Okawaru was pleased with you.
You visited 2 branches of the dungeon, and saw 7 of its levels.

You collected 245 gold pieces.

Inventory:

Hand Weapons
 a - a +0 war axe (weapon)
Missiles
 b - 4 boomerangs of dispersal
 q - 3 poisoned darts
 s - 4 atropa-tipped darts
 v - 4 boomerangs (quivered)
Armour
 c - a +0 buckler (worn)
 f - a +0 chain mail (worn)
 m - a +1 cloak (worn)
 u - a +1 pair of boots (worn)
Jewellery
 t - a ring of ice
 w - an amulet of regeneration (around neck)
Wands
 e - a wand of digging (4)
 g - a wand of charming (2)
Scrolls
 h - a scroll of teleportation
 j - 2 scrolls of immolation
 k - 3 scrolls of amnesia
 o - 3 scrolls of blinking
 r - a scroll of enchant armour
 y - 2 scrolls of identify
Potions
 d - a potion of might
 i - 2 potions of curing
 l - a potion of berserk rage
 n - a potion of invisibility
 p - 6 potions of heal wounds
 x - a potion of lignification {unknown}
 z - a potion of degeneration {unknown}


   Skills:
 + Level 6.2 Fighting
 + Level 9.3 Axes
 + Level 7.3 Armour
 + Level 1.2 Dodging
 + Level 0.4 Stealth
 + Level 5.3 Shields


You had 7 spell levels left.
You didn't know any spells.
Your spell library contained the following spells:

 Spells                   Type           Power      Damage    Failure   Level
 Cigotuvi's Dreadful Rot  Necr/Pois/Air  0%         N/A       99%         2
 Stone Arrow              Conj/Erth      0%         3d7       100%        3
 Dispel Undead            Necr           0%         3d6       100%        4
 Lehudib's Crystal Spear  Conj/Erth      0%         10d2      100%        8
 Animate Armour           Summ/Erth      Unusable   N/A       N/A         4
 Death Channel            Necr           Unusable   N/A       N/A         6

Dungeon Overview and Level Annotations

Branches:
Dungeon (6/15)             Temple (1/1) D:4

Altars:
Ashenzari
Cheibriados
Dithmenos
Elyvilon
Fedhas
Gozag
Hepliaklqana
Kikubaaqudgha
Makhleb
Nemelex Xobeh
Okawaru
Ru
Sif Muna
Trog
Uskayaw
Vehumet
Wu Jian
Xom
Yredelemnul
Zin
The Shining One

Annotations:
D:6 Maggie


Innate Abilities, Weirdness & Mutations

You have a pair of horns on your head.
You reflexively headbutt those who attack you in melee.


Message History

You hit Maggie but do no damage.
Maggie is lightly wounded.
Maggie gestures wildly while chanting.
Maggie attempts to bespell you!
You are mesmerised by Maggie!
You hit Maggie. You headbutt Maggie, but do no damage.
Maggie is lightly wounded.
Maggie hits you with the +9 lance "Wyrmbane" {slay drac, rPois rF+ rC+ AC+3}!
You hit Maggie.
Maggie is lightly wounded.
Maggie hits you with the +9 lance "Wyrmbane" {slay drac, rPois rF+ rC+ AC+3}!
You hit Maggie but do no damage.
Maggie is lightly wounded.
You block Maggie's attack.
You barely miss Maggie.
Maggie is lightly wounded.
Maggie barely misses you. You furiously retaliate!
You headbutt Maggie! You closely miss Maggie.
Maggie is moderately wounded.
Maggie hits you with the +9 lance "Wyrmbane" {slay drac, rPois rF+ rC+ AC+3}!
You hit Maggie. You headbutt Maggie, but do no damage.
Maggie is moderately wounded.
Maggie says, "How do the people who live here stand the isolation?"
Maggie mumbles some strange words.
Maggie draws you further into her thrall.
You slash Maggie!
Maggie is severely wounded.
Maggie closely misses you.
You closely miss Maggie. You headbutt Maggie, but do no damage.
Maggie is severely wounded.
Maggie hits you with the +9 lance "Wyrmbane" {slay drac, rPois rF+ rC+ AC+3}!
* * * LOW HITPOINT WARNING * * *
You closely miss Maggie. You headbutt Maggie, but do no damage.
Maggie is severely wounded.
Maggie hits you but does no damage.
You hit Maggie. Your headbutt misses Maggie.
Maggie is severely wounded.
Maggie gestures at you while chanting. The bolt of fire hits you!!
You die...

#.## #..## #...#
... ... #.# #@#
#@# #.# ####+####
#.# #....... #.#
#.##.#.# #.#
#.##.#.#
#.######.#_...###.
#.................
########....>.....
####.######


You could see Maggie (mesmerising, resistant).

Vanquished Creatures
  Grinder (D:6)
  A water moccasin (D:6)
  An ice beast (D:6)
  A sky beast (D:6)
  An ogre (D:4)
  A centaur (D:5)
  3 scorpions
  5 wights (D:6)
  A howler monkey (D:6)
  2 orc priests
  A sleepcap (D:6)
  4 orc wizards
  Robin (D:2)
  7 adders
  4 gnolls (D:2)
  2 dart slugs
  12 orcs
  5 endoplasms
  4 giant cockroaches
  14 goblins
  8 hobgoblins
  6 jackals
  8 kobolds
  4 quokkas
  8 ball pythons
  5 bats
  4 frilled lizards
  3 rats
117 creatures vanquished.

Vanquished Creatures (others)
  2 fungi (D:1)
  2 plants (D:1)
4 creatures vanquished.

Grand Total: 121 creatures vanquished

Notes
Turn   | Place    | Note
-------+----------+-------------------------------------------
     0 | D:1      | funkygono the Minotaur Fighter began the quest for the Orb.
     0 | D:1      | Reached XP level 1. HP: 19/19 MP: 0/0
   136 | D:1      | Reached XP level 2. HP: 27/27 MP: 1/1
   596 | D:1      | Found a faded altar of an unknown god.
   645 | D:2      | Reached XP level 3. HP: 33/33 MP: 2/2
   646 | D:2      | Reached skill level 3 in Axes
   816 | D:2      | Reached skill level 4 in Axes
   816 | D:2      | Reached XP level 4. HP: 37/40 MP: 3/3
   961 | D:2      | Noticed Robin
   967 | D:2      | Killed Robin
  1273 | D:2      | Reached XP level 5. HP: 47/47 MP: 4/4
  1566 | D:3      | Reached skill level 5 in Armour
  2355 | D:4      | Found a staircase to the Ecumenical Temple.
  2368 | Temple   | Entered the Ecumenical Temple
  2568 | D:4      | Reached XP level 6. HP: 31/53 MP: 5/5
  2673 | D:4      | Reached skill level 5 in Axes
  2765 | D:4      | Found an iron altar of Okawaru.
  2788 | D:4      | Became a worshipper of Warmaster Okawaru
  3141 | D:4      | Reached skill level 6 in Axes
  3247 | D:5      | Entered Level 5 of the Dungeon
  3333 | D:5      | Reached XP level 7. HP: 58/60 MP: 6/6
  3395 | D:5      | Found a shadowy altar of Dithmenos.
  3415 | D:5      | Reached skill level 5 in Fighting
  3581 | D:5      | Reached * piety under Okawaru
  3582 | D:5      | Reached skill level 7 in Axes
  3788 | D:6      | Noticed Grinder
  3795 | D:6      | Killed Grinder
  3843 | D:6      | Reached skill level 8 in Axes
  3843 | D:6      | Reached XP level 8. HP: 69/69 MP: 7/7
  3848 | D:6      | Reached skill level 5 in Shields
  3985 | D:6      | Reached ** piety under Okawaru
  4061 | D:6      | Reached skill level 9 in Axes
  4061 | D:6      | Reached skill level 1 in Dodging
  4294 | D:6      | Found a hazy altar of Hepliaklqana.
  4314 | D:6      | Noticed Maggie
  4332 | D:6      | Killed from afar by Maggie

Illustrated notes

Levels and vault maps discovered:
D:1:      heliophobic_arrival_ceremonial_halls, layout_basic,
          shapermc_ecumenical_altar_petra
D:2:      layout_loops_ring, uniq_robin
D:3:      corexii_shack_village, layout_basic, minmay_bisected
D:4:      layout_basic, mainiacjoe_overflow_tiny_flanked,
          minmay_temple_entry_ruins
D:5:      layout_basic, mainiacjoe_overflow_six_doors_small
D:6:      layout_loops_corners, overflow_temple_1_default, uniq_pikel,
          uniq_grinder, uniq_maggie
Temple:   eino_narrow_crystal_temple

Skill      XL: |  1  2  3  4  5  6  7  8 |
---------------+-------------------------+-----
Shields        | 4 5 |  5.3
Fighting       | 4 5 6 |  6.2
Armour         | 4 5 6 7 |  7.3
Axes           | 4 6 8 9 |  9.3
Dodging        | 1 |  1.2
Stealth        | |  0.4

Action                     |  1- 3 |  4- 6 |  7- 9 || total
---------------------------+-------+-------+-------++-------
  Melee: War axe           |    66 |   138 |   125 ||   329
         Headbutt          |     5 |    19 |    28 ||    52
    Use: Scroll            |       |    14 |     1 ||    15
 Armour: Scale mail        |     5 |       |       ||     5
         Chain mail        |    28 |    85 |    53 ||   166
  Dodge: Dodged            |    35 |    53 |    31 ||   119
  Block: Buckler           |    19 |    35 |    21 ||    75

Table legend: (Time is in decaauts)
 A = Elapsed time spent in this place.
 B = Non-inter-level travel time spent in this place.
 C = Inter-level travel time spent in this place.
 D = Time resting spent in this place.
 E = Time spent auto-exploring this place.
 F = Levels seen in this place.
 G = Mean time per level.
                   A        B        C        D        E       F      G
               +--------+--------+--------+--------+--------+-----+--------+
         Total |   4413 |   4250 |    163 |      0 |   3241 |   7 |  630.4 |
       Dungeon |   4226 |   4077 |    149 |      0 |   3079 |   6 |  704.3 |
        Temple |    186 |    172 |     14 |      0 |    162 |   1 |  186.0 |
               +--------+--------+--------+--------+--------+-----+--------+

Top non-repeatable levels by time:
     D:2: 912 daAuts
     D:4: 825 daAuts
     D:3: 739 daAuts
     D:1: 649 daAuts
     D:6: 595 daAuts
     D:5: 504 daAuts
  Temple: 186 daAuts
